AoeStats
← superdonk

Arabia

509345281Analyzed
1v1 RM · 5d ago on Sep 26, 2026· 61m 6s· 2 players
Game mode
Random Map
Map size
Tiny (2 player)
Population
200
Speed
Normal
Resources
Standard
Victory
Conquest
Starting age
Dark Age
Ending age
Imperial Age
RankedLock teamsTeams togetherTeam positionsShared explorationLock speedFull tech treeHidden civsTurbo modeCheats
Victory
Defeat
🇧🇷 Lithuanians · Brazil
931
+19
🇳🇴 Khmer · Norway
994
-19
bastos021
7:14 Loom
9:14 Feudal Age
10:42 Wheelbarrow
10:38 Horse Collar
10:51 Double-Bit Axe
21:15 Castle Age
19:41 Forging
20:10 Horse Collar
21:24 Bloodlines
21:58 Scale Barding Armor
26:12 Bow Saw
26:56 Town Watch
28:36 Pikeman
39:19 Imperial Age
37:10 Hand Cart
37:59 Chain Barding Armor
37:49 Heavy Plow
37:29 Light Cavalry
40:11 Husbandry
39:31 Cavalier
40:41 Town Patrol
41:19 Plate Barding Armor
41:20 Halberdier
47:55 Conscription
48:52 Iron Casting
48:18 Scale Mail Armor
50:39 Arson
53:30 Chain Mail Armor
54:14 Man-at-Arms
56:02 Fletching
56:12 Padded Archer Armor
superdonk
5:31 Loom
11:25 Feudal Age
12:43 Double-Bit Axe
16:26 Castle Age
15:23 Bloodlines
22:23 Husbandry
24:41 Bow Saw
25:20 Gold Mining
28:12 Horse Collar
29:16 Wheelbarrow
35:09 Gold Shaft Mining
38:21 Gold Shaft Mining
42:39 Imperial Age
41:19 Hand Cart
42:21 Tusk Swords
42:36 Forging
43:53 Iron Casting
43:23 Scale Barding Armor
43:38 Elite Battle Elephant
45:47 Blast Furnace
45:07 Chain Barding Armor
46:50 Plate Barding Armor
52:32 Light Cavalry
53:29 Heavy Scorpion
56:53 Double Crossbow
60:57 Fletching
Connection lost

Rejoining the realm…

Still unreachable

The connection could not be restored.

Session expired

The server has moved on; the page needs a fresh start.